 Dungeon Crawl Stone Soup version 0.21.1-1-g345015f (webtiles) character file.

2482 poirepourri the Thaumaturge (level 9, 0/55 HPs)
             Began as a Deep Elf Conjurer on July 14, 2018.
             Slain by a hornet (4 damage)
             ... on level 7 of the Dungeon.
             The game lasted 00:12:12 (10564 turns).

poirepourri the Thaumaturge (Deep Elf Conjurer)    Turns: 10564, Time: 00:12:13

Health: 0/55       AC:  6    Str:  5    XL:     9   Next: 27%
Magic:  12/24      EV: 13    Int: 24    God:
Gold:   315        SH:  0    Dex: 15    Spells: 9/27 levels left

rFire    . . .     SeeInvis .   e - +6 short sword (flame)
rCold    . . .     Gourm    .   (no shield)
rNeg     . . .     Faith    .   a - +0 robe
rPois    .         Spirit   .   (no helmet)
rElec    .         Reflect  .   (no cloak)
rCorr    .         Harm     .   s - +0 pair of gloves
MR       +....                  j - +2 pair of boots
Stlth    ++........             (no amulet)
HPRegen  0.18/turn              f - ring of wizardry
MPRegen  0.19/turn              g - ring of protection from magic

@: no status effects
A: no striking features
a: no special abilities


You were on level 7 of the Dungeon.
You were not hungry.

You visited 1 branch of the dungeon, and saw 7 of its levels.
You also visited: Sewer.

You collected 315 gold pieces.

Inventory:

Hand Weapons
 e - a +6 short sword of flaming (weapon)
Armour
 a - a +0 robe (worn)
 j - a +2 pair of boots (worn)
 o - a +2 buckler
 s - a +0 pair of gloves (worn)
Jewellery
 f - a ring of wizardry (left hand)
 g - a ring of protection from magic (right hand)
 i - a cursed -3 ring of strength {unknown}
 r - an uncursed ring of resist corrosion
Wands
 m - a wand of acid (5)
Scrolls
 d - a scroll of blinking
 h - 2 scrolls of identify
 l - 4 scrolls of remove curse
 p - 2 scrolls of teleportation
Potions
 k - 2 potions of ambrosia
 n - a potion of haste
 q - a potion of lignification
 t - a potion of cancellation
Books
 b - a book of Conjurations

   Spells                             Type                      Level
   a - Magic Dart                     Conjuration                  1
   b - Searing Ray                    Conjuration                  2
   c - Dazzling Spray                 Conjuration/Hexes            3
   d - Fulminant Prism                Conjuration/Hexes            4
   e - Force Lance                    Conjuration/Translocation    4
   f - Iskenderun's Mystic Blast      Conjuration                  4


   Skills:
 - Level 6.1 Fighting
 - Level 2.4 Dodging
 - Level 2.4 Stealth
 + Level 9.5 Spellcasting
 - Level 9.2 Conjurations


You had 9 spell levels left.
You knew the following spells:

 Your Spells              Type           Power        Failure   Level  Hunger
a - Magic Dart            Conj           ####         1%          1    None
b - Searing Ray           Conj           ######       1%          2    None
c - Dazzling Spray        Conj/Hex       ####..       1%          3    None
d - Fulminant Prism       Conj/Hex       ####......   3%          4    ##.....
e - Force Lance           Conj/Tloc      ####....     3%          4    ##.....
f - Iskenderun's Mystic   Conj           ######..     1%          4    ##.....


Dungeon Overview and Level Annotations

Branches:
Dungeon (7/15)
 Temple: D:4-7

Altars:
Ashenzari
Hepliaklqana
Makhleb
Uskayaw
Xom
Yredelemnul


Message History

The hornet is moderately wounded.
You feel yourself speed up. The hornet stings you!
* * * LOW HITPOINT WARNING * * *
You feel yourself slow down. The hornet barely misses you.
The searing ray hits the hornet.
The hornet is severely wounded.
You finish channeling your searing ray.
The hornet stings you!
* * * LOW HITPOINT WARNING * * *
You feel as though you will be slow longer.
The hornet stings you.
* * * LOW HITPOINT WARNING * * *
You feel as though you will be slow longer.
The hornet closely misses you.
It was a potion of cancellation.
Your magical effects are unravelling.
You feel magically purged.
You feel yourself speed up. The hornet closely misses you.
The hornet stings you.
You die...

#... .........## #...
..........## ..# ##...
#..........###..# #....
#......)...##...# #....
#.........# #...##....
#.........# #...##...
+....y)...# #...#...
#.....@..### #...)..
#....!(....#######...##
###$.............#.<##
###(.............##
#####.........##
###........# #........#
#.........# #.........#


You could see a hornet.

Vanquished Creatures
  A gargoyle (D:6)
  2 sky beasts
  4 ogres
  A phantom (D:5)
  3 centaurs
  4 bullfrogs
  A wight (D:6)
  A centaur zombie (D:7)
  2 crimson imps (D:6)
  2 hounds
  A jelly (D:6)
  4 orc priests
  5 orc wizards
  Terence (D:3)
  6 worker ants
  A howler monkey zombie (D:5)
  A worker ant zombie (D:6)
  2 river rats (D:5)
  12 adders
  2 shadow imps (D:5)
  11 oozes
  8 worms
  4 dart slugs
  22 leopard geckos
  27 orcs
  14 ball pythons
  23 giant cockroaches
  8 goblins
  7 hobgoblins
  4 quokkas
  6 bats
  11 frilled lizards
  10 kobolds
  A leopard gecko zombie (D:6)
  A quokka skeleton (D:5)
  8 rats
  A fulminant prism (D:4)
222 creatures vanquished.

Vanquished Creatures (others)
  A centaur (D:6)
  A leopard gecko (D:6)
  A giant cockroach (D:6)
  3 fulminant prisms
6 creatures vanquished.

Grand Total: 228 creatures vanquished

Notes
Turn   | Place    | Note
-------+----------+-------------------------------------------
     0 | D:1      | poirepourri the Deep Elf Conjurer began the quest for the Orb.
     0 | D:1      | Reached XP level 1. HP: 10/10 MP: 6/6
   317 | D:1      | Reached XP level 2. HP: 15/15 MP: 7/9
   523 | D:2      | Learned a level 2 spell: Searing Ray
   942 | D:2      | Reached XP level 3. HP: 11/19 MP: 2/11
  1060 | D:2      | Learned a level 3 spell: Dazzling Spray
  1080 | D:2      | Reached skill level 5 in Spellcasting
  1187 | D:2      | Noticed an orc warrior
  1754 | D:2      | Found a hide-covered altar of Uskayaw.
  1943 | D:2      | Reached XP level 4. HP: 24/24 MP: 9/13
  2243 | D:3      | Found a shattered altar of Ashenzari.
  2910 | D:3      | Reached XP level 5. HP: 28/28 MP: 13/16
  2952 | D:3      | Reached skill level 5 in Conjurations
  3259 | D:3      | Learned a level 4 spell: Fulminant Prism
  3264 | D:3      | Learned a level 4 spell: Force Lance
  3269 | D:3      | Learned a level 4 spell: Iskenderun's Mystic Blast
  3331 | D:3      | Noticed Terence
  3339 | D:3      | Killed Terence
  3593 | D:3      | Reached XP level 6. HP: 32/32 MP: 11/18
  4185 | D:4      | Found a basalt altar of Yredelemnul.
  4447 | D:4      | Reached XP level 7. HP: 36/36 MP: 14/19
  4769 | D:4      | Found a shimmering altar of Xom.
  4770 | D:4      | Found a hazy altar of Hepliaklqana.
  4771 | D:4      | Noticed a spectral ugly thing
  4928 | D:5      | Entered Level 5 of the Dungeon
  5629 | D:5      | Reached skill level 1 in Fighting
  5681 | D:5      | Found a glowing drain.
  5688 | Sewer    | Entered a sewer
  6387 | Sewer    | Reached XP level 8. HP: 44/44 MP: 17/20
  8319 | D:6      | Noticed a gargoyle
  8495 | D:6      | Reached skill level 5 in Fighting
  9113 | D:6      | Found a shimmering altar of Xom.
  9368 | D:6      | Reached XP level 9. HP: 47/55 MP: 1/22
  9445 | D:6      | Killed a gargoyle
  9803 | D:6      | Found a burning altar of Makhleb.
 10564 | D:7      | Slain by a hornet

Skill      XL: |  1  2  3  4  5  6  7  8  9 |
---------------+----------------------------+-----
Spellcasting   | 4 5 7 9 |  9.5
Conjurations   | 6 7 9 |  9.2
Fighting       | 1 6 |  6.1
Dodging        | |  2.4
Stealth        | |  2.4

Action                   |  1- 3 |  4- 6 |  7- 9 || total
-------------------------+-------+-------+-------++-------
Melee: Short sword       |       |     7 |    44 ||    51
 Cast: Magic Dart        |    77 |    30 |    87 ||   194
       Searing Ray       |     7 |    20 |    51 ||    78
       Iskenderun's Myst |       |    12 |    58 ||    70
       Fulminant Prism   |       |     1 |     4 ||     5
  Use: Scroll            |     7 |    10 |     8 ||    25
       Potion            |     2 |     2 |     4 ||     8
 Stab: Sleeping          |       |       |     1 ||     1
  Eat: Ration            |     1 |     3 |     7 ||    11
       Chunk             |       |     1 |       ||     1
Armor: Robe              |     3 |    11 |    45 ||    59
Dodge: Dodged            |    23 |     9 |   119 ||   151
